 Dungeon Crawl Stone Soup version 0.22-a0-469-gf26638a (webtiles) character file.

0 Alphaeus the Magician (level 1, 12/13 HPs)
             Began as a Gnoll Wanderer on June 12, 2018.
             Quit the game on level 1 of the Dungeon.
             The game lasted 00:00:16 (121 turns).

Alphaeus the Magician (Gnoll Wanderer)               Turns: 121, Time: 00:00:17

Health: 12/13      AC:  2    Str: 14    XL:     1   Next: 10%
Magic:  6/6        EV: 11    Int: 15    God:
Gold:   11         SH:  4    Dex: 13    Spells: 9/9 levels left

rFire    . . .     SeeInvis .   d - +0 club
rCold    . . .     Gourm    .   b - +0 buckler
rNeg     . . .     Faith    .   c - +0 robe
rPois    .         Spirit   .   (no helmet)
rElec    .         Reflect  .   (no cloak)
rCorr    .         Harm     .   (no gloves)
MR       .....                  (no boots)
Stlth    ++........             (no amulet)
HPRegen  0.04/turn              (no ring)
MPRegen  0.10/turn              (no ring)

@: no status effects
A: distributed training, fangs 1, strong nose
a: no special abilities


You were on level 1 of the Dungeon.
You were not hungry.

You visited 1 branch of the dungeon, and saw 1 of its levels.

You collected 11 gold pieces.

Inventory:

Hand Weapons
 d - a +0 club (weapon)
Armour
 b - a +0 buckler (worn)
 c - a +0 robe (worn)
Scrolls
 a - a scroll of amnesia {unknown}
Comestibles
 f - a ration


   Skills:
 + Level 0.0 Fighting
 + Level 0.0 Short Blades
 + Level 0.0 Long Blades
 + Level 0.0 Axes
 + Level 0.0 Maces & Flails
 + Level 0.0 Polearms
 + Level 0.0 Staves
 + Level 0.0 Slings
 + Level 0.0 Bows
 + Level 0.0 Crossbows
 + Level 0.0 Throwing
 + Level 0.0 Armour
 + Level 0.0 Dodging
 + Level 2.1 Stealth
 + Level 2.3 Shields
 + Level 4.4 Unarmed Combat
 + Level 4.8 Spellcasting
 + Level 0.0 Conjurations
 + Level 0.0 Hexes
 + Level 0.0 Charms
 + Level 0.0 Summonings
 + Level 0.0 Necromancy
 + Level 0.0 Translocations
 + Level 0.0 Transmutations
 + Level 3.6 Fire Magic
 + Level 0.0 Ice Magic
 + Level 0.0 Air Magic
 + Level 1.9 Earth Magic
 + Level 0.0 Poison Magic
 + Level 0.0 Invocations
 + Level 2.3 Evocations


You had 9 spell levels left.
You didn't know any spells.
Your spell library contained the following spells:

 Spells                   Type           Power        Failure   Level  Hunger
 Stone Arrow              Conj/Erth      #.....       38%         3    ###....
 Passwall                 Tmut/Erth      #.......     21%         2    ##.....
 Lee's Rapid Deconstruct  Erth           #.........   95%         5    ######.
 Sandblast                Erth           #.....       10%         1    None
 Petrify                  Tmut/Erth      #.......     80%         4    ####...


Dungeon Overview and Level Annotations

Branches:
Dungeon (1/15)

Altars:


Innate Abilities, Weirdness & Mutations

Your experience applies equally to all skills.
You have very sharp teeth.
Your uncanny sense of smell can sniff out nearby items.


Message History

A bat is nearby!
The bat barely misses you. You block the bat's attack.
A bat is nearby!
You miss the bat.
The bat is moderately wounded.
The bat hits you but does no damage.
A bat is nearby!
The bat completely misses you.
A bat is nearby!
The bat closely misses you. The bat hits you but does no damage.
The bat completely misses you.
A bat is nearby!
You miss the bat. The bat barely misses you. The bat hits you.
You closely miss the bat. The bat hits you but does no damage.
The bat closely misses you.
Things that are here:
a short sword; 11 bolts The bat barely misses you.
The bat misses you.
Are you sure you want to abandon this character and quit the game? (Confirm with "yes".)

### ..#
#############.#
........#...#.#
#..b@)...#.#
###.....##.#
####.....## ###
##.....# ∆ ##<#
#####.# #.##
#.# ##.## #.#
##.# #.# ##.##
#.#


You could see a bat.

Vanquished Creatures
  A frilled lizard (D:1)
1 creature vanquished.

Notes
Turn   | Place    | Note
-------+----------+-------------------------------------------
     0 | D:1      | Alphaeus the Gnoll Wanderer began the quest for the Orb.
     0 | D:1      | Alphaeus set off with: a +0 buckler, a +0 robe, a +0 club, a ration
     0 | D:1      | Reached XP level 1. HP: 13/13 MP: 6/6
   121 | D:1      | Quit the game

Vault maps used:
D:1:      nagdon_arrival_zigzag_paths

Action                   || total
-------------------------++-------
Melee: Club              ||     7
 Stab: Sleeping          ||     1
Armor: Robe              ||     5
Dodge: Dodged            ||    10
Block: Buckler           ||     3

Table legend:
 A = Spawn XP
 B = Non-spawn XP
 C = Spawn XP percentage of total XP
 D = Spawn monster count
 E = Non-spawn monster count
 F = Spawn count percentage of total count
 G = Total turns spent on level
                    A         B        C        D         E        F      G
               +---------+---------+-------+---------+---------+-------+---------
         Total |       0 |       1 |   0.0 |       0 |       1 |   0.0 |   121
               +---------+---------+-------+---------+---------+-------+---------
           D:1 |       0 |       1 |   0.0 |       0 |       1 |   0.0 |   121
               +---------+---------+-------+---------+---------+-------+---------
